Cogmind - Beta 9.6 @@@ ROGUE MODE // 2020.08.14 @ 21:42:55 Player: naoky Result: Self-destructed Performance ------------- Evolutions (1) 500 Regions Visited (2) 400 Robots Destroyed (13) 65 Value Destroyed (163) 163 Prototype IDs (5) 100 Alien Tech Used (0) 0 Bonus (0) 0 TOTAL SCORE: 1228 Bonus ------- None Cogmind --------- Core Integrity 240/400 Matter 238/300 Energy 100/100 System Corruption 0% Temperature Cool (0) Movement Core (100) Ox1 Location -9/Materials Parts ------- > --- POWER (1) -------- (None) > --- PROPULSION (3) --- (None) > --- UTILITY (3) ------ Small Storage Unit Weight Redist. System > --- WEAPON (2) ------- (None) > --- INVENTORY (6) ---- Improved Sensor Array Improved Sensor Array Improved Terrain Scanner Improved Light Armor Plating Peak State ------------ > --- POWER ------------ Light Nuclear Core > --- PROPULSION ------- Flight Unit Flight Unit Flight Unit > --- UTILITY ---------- Small Storage Unit Weight Redist. System Improved Sensor Array > --- WEAPON ----------- Pulse Rifle Pulse Rifle > --- INVENTORY -------- Improved Sensor Array Improved Sensor Array Improved Terrain Scanner Improved Light Armor Plating [Rating: 17] Favorites ----------- Power Light Nuclear Core Engine Light Ion Engine Power Core Light Nuclear Core Propulsion Aluminum Leg Leg Aluminum Leg Hover Unit Improved Hover Unit Flight Unit Flight Unit Utility Medium Storage Unit Device Improved Sensor Array Storage Medium Storage Unit Processor Targeting Computer Protection Light Armor Plating Weapon Medium Laser Energy Gun Medium Laser Ballistic Gun Light Assault Rifle Build | -11 -10 -9 ------- Run | Scr Mat Mat Slots Evolved 2 | . . 2 Power . | . . . Propulsion 1 | . . 1 Utility 1 | . . 1 Weapon . | . . . Parts Attached 32 | 6 17 9 Power 3 | 1 2 . Engine 1 | 1 . . Core 2 | . 2 . Reactor . | . . . Propulsion 11 | 2 6 3 Treads . | . . . Leg 5 | 2 3 . Wheel . | . . . Hover 3 | . 3 . Flight 3 | . . 3 Utility 9 | 1 4 4 Device 4 | . 1 3 Storage 3 | 1 1 1 Processor 1 | . 1 . Hackware . | . . . Protection 1 | . 1 . Artifact . | . . . Weapon 9 | 2 5 2 Energy Gun 7 | 2 3 2 Energy Cannon . | . . . Ballistic Gun 2 | . 2 . Ballistic Cannon . | . . . Launcher . | . . . Special Weapon . | . . . Impact Weapon . | . . . Slashing Weapon . | . . . Piercing Weapon . | . . . Special Melee Weapon . | . . . Unidentified Prototypes . | . . . Parts Lost 9 | . 2 7 Power 1 | . . 1 Propulsion 3 | . . 3 Utility 2 | . 1 1 Weapon 3 | . 1 2 Highest Loss Streak 4 | . 2 4 Average Slot Usage (%) 91 | . 98 67 Engine 5 | . 7 . Core 6 | . 6 6 Leg 18 | . 23 . Hover 3 | . 4 . Flight 5 | . . 25 Device 9 | . 6 18 Storage 13 | . 14 11 Processor 1 | . 1 . Protection 3 | . 5 . Energy Gun 20 | . 24 5 Ballistic Gun 2 | . 2 . Naked Turns . | . . . Heaviest Build 18 | 11 18 12 Greatest Support 26 | 20 26 14 Greatest Overweight (x) 3 | 2 2 3 Average Overweight (x) . | . . . Largest Inventory Capacity 8 | 6 8 8 Average Capacity 7 | 5 7 6 Most Carried 8 | 1 8 8 Average Carried 5 | . 5 4 Final Capacity 8 | 6 8 6 Final Carried 8 | 1 8 4 Class Distribution -------------------- 94% | Mutant 5% | Scavenger-Mutant Dominant Class ---------------- Mutant | -10/Materials Mutant | -9/Materials Resources | -11 -10 -9 ----------- Run | Scr Mat Mat Matter Collected 420 | 202 173 45 Remotely . | . . . Salvage Created 248 | . 200 48 Parts 17 | . 12 5 Haulers Intercepted 2 | . 2 . Recyclers Shooed . | . . . Parts Field Recycled . | . . . Retrieved Matter . | . . . Parts Self-Destructed . | . . . Prevented . | . . . Kills | -11 -10 -9 ------- Run | Scr Mat Mat Combat Hostiles Destroyed 9 | . 5 4 Guns 9 | . 5 4 Classes Destroyed 4 | . 4 . Hauler 2 | . 2 . Watcher 2 | . 2 . Swarmer 8 | . 4 4 Grunt 1 | . 1 . Best Kill Streak 4 | . 3 4 Combat Bots Only 4 | . 3 4 Max Kills in Single Turn 1 | . 1 1 Gunslinging . | . . . Exploded . | . . . Melee . | . . . Uniques/NPCs Destroyed . | . . . Combat | -11 -10 -9 -------- Run | Scr Mat Mat Damage Taken 910 | . 488 422 Core 211 | . 51 160 Absorbed by Shields . | . . . Core Remaining (%) 89 | 100 79 . Volleys Fired 41 | . 32 9 Largest 2 | . 2 2 Hottest 126 | . 100 126 Shots Fired 82 | . 64 18 Gun 82 | . 64 18 Cannon . | . . . Launcher . | . . . Special . | . . . Kinetic . | . . . Thermal 82 | . 64 18 Explosive . | . . . Electromagnetic . | . . . Robot Hit Streak 15 | . 11 15 Robot Miss Streak 5 | . 5 1 Penetration Max . | . . . Secondary Targets . | . . . Shots Hit Robots 55 | . 40 15 Core Hits 17 | . 12 5 Critical Hits . | . . . Critical Kills . | . . . Critical Parts Destroyed . | . . . Melee Attacks . | . . . Impact . | . . . Slashing . | . . . Piercing . | . . . Sneak Attacks . | . . . Combat Hostiles . | . . . Follow-up Attacks . | . . . Damage Inflicted 697 | . 465 232 Guns 697 | . 465 232 Cannons . | . . . Explosions . | . . . Melee . | . . . Ramming . | . . . Kinetic . | . . . Thermal 697 | . 465 232 Explosive . | . . . Electromagnetic . | . . . Impact . | . . . Slashing . | . . . Piercing . | . . . Highest Corruption 3 | . 3 . Average Corruption 1 | . 1 . Corruption Purged . | . . . Effects 9 | . 9 . Message Errors 5 | . 5 . Matter Fused 1 | . 1 . Heat Flow Errors 1 | . 1 . Data Loss (minor) 1 | . 1 . Targeting Errors 1 | . 1 . Overload Shots . | . . . Overflow Damage . | . . . Projectiles . | . . . Explosions . | . . . Melee . | . . . Knockbacks . | . . . Impact . | . . . Kinetic . | . . . Secondary . | . . . Self-Inflicted Damage . | . . . Shots . | . . . Rammed . | . . . Targets Rammed . | . . . Kicked . | . . . Crushed . | . . . Highest Temperature 350 | . 336 350 Average Temperature 129 | . 119 166 Received Heat Transfer 153 | . 54 99 Effects 1 | . 1 . Short Circuit 1 | . 1 . Siege Activations . | . . . Robots Corrupted . | . . . Combat Hostiles . | . . . Parts Fried . | . . . Impact Corruptions . | . . . Robots Melted . | . . . Combat Hostiles . | . . . Parts Melted 8 | . 5 3 Heat Transferred 1852 | . 1334 518 Parts Sabotaged . | . . . Parts Stolen . | . . . Parts Stripped . | . . . Power Chain Reactions . | . . . Missiles Intercepted . | . . . Alert | -11 -10 -9 ------- Run | Scr Mat Mat Peak Influence 197 | . 96 197 Average Influence 49 | . 33 112 Maximum Alert Level . | . . . Low Security (%) 100 | 100 100 100 Level 1 . | . . . Level 2 . | . . . Level 3 . | . . . Level 4 . | . . . Level 5 . | . . . High Security . | . . . Max Security . | . . . Squads Dispatched 1 | . . 1 Investigation . | . . . Extermination . | . . . Reinforcement 1 | . . 1 Assault . | . . . Garrison . | . . . Intercept . | . . . Construction Impeded . | . . . Haulers Reinforced . | . . . Stealth | -11 -10 -9 --------- Run | Scr Mat Mat Distress Signals 5 | . 2 3 Communications Jammed . | . . . Distress Signals . | . . . Times Spotted 42 | . 18 24 Peak Tracking Total 13 | . 6 13 Tactical Retreats 7 | . 3 4 Traps | -11 -10 -9 ------- Run | Scr Mat Mat Traps Triggered 3 | . 3 . Indirectly . | . . . Trap Hack Attempts . | . . . Triggered . | . . . Disarmed . | . . . Reprogrammed . | . . . Reused . | . . . Traps Extracted . | . . . Installed . | . . . Triggered . | . . . Machines | -11 -10 -9 ---------- Run | Scr Mat Mat Machines Disabled . | . . . Max in Single Turn . | . . . Machines Sabotaged . | . . . Garrisons Compromised . | . . . Overloaded Fab Kills . | . . . Fab Network Shutdowns . | . . . Hacking | -11 -10 -9 --------- Run | Scr Mat Mat Machines Accessed 11 | . 8 3 Terminals 9 | . 6 3 Fabricators . | . . . Repair Stations 1 | . 1 . Recycling Units 1 | . 1 . Scanalyzers . | . . . Garrison Access . | . . . Total Hacks 33 | . 26 7 Successful 15 | . 13 2 Failed 18 | . 13 5 Catastrophic 2 | . 2 . Database Lockouts . | . . . Manual 10 | . 10 . Terminals 28 | . 21 7 Fabricators . | . . . Repair Stations 3 | . 3 . Recycling Units 2 | . 2 . Scanalyzers . | . . . Garrison Access . | . . . Terminal Hacks 12 | . 10 2 Record 1 | . 1 . Prototype ID Bank 4 | . 4 . Branch Access Points 1 | . . 1 Alert Level 1 | . 1 . Unreport Threat 2 | . 2 . Locate Traps 1 | . 1 . Transport Status 1 | . 1 . Registered Components 1 | . . 1 Fabricator Hacks . | . . . Repair Station Hacks 2 | . 2 . Scan Component 1 | . 1 . Repair 1 | . 1 . Recycling Unit Hacks 1 | . 1 . Retrieve Matter 1 | . 1 . Scanalyzer . | . . . Garrison Access Hacks . | . . . Unauthorized Hacks . | . . . Terminals . | . . . Fabricators . | . . . Repair Stations . | . . . Recycling Units . | . . . Scanalyzers . | . . . Garrison Access . | . . . Data Cores Recovered . | . . . Used . | . . . Hacking Detections 10 | . 8 2 Full Trace Events 1 | . 1 . Feedback Events . | . . . Feedback Blocked . | . . . Robot Schematics Acquired . | . . . Robots Built . | . . . Matter . | . . . Time . | . . . Total Robot Build Rating . | . . . Part Schematics Acquired . | . . . Parts Built . | . . . Matter . | . . . Time . | . . . Total Part Build Rating . | . . . Parts Repaired 1 | . 1 . Time 19 | . 19 . Parts Recycled . | . . . Recycled Matter . | . . . Retrieved Matter . | . . . Retrieved Components . | . . . Parts Scanalyzed . | . . . Part Schematics Acquired . | . . . Parts Damaged . | . . . Bothacking | -11 -10 -9 ------------ Run | Scr Mat Mat Used RIF Installer . | . . . Robots Hacked . | . . . Non-combat . | . . . Combat . | . . . Robot Hacks Applied . | . . . Relay Couplers Released . | . . . Robots Rewired . | . . . Allies Hacked . | . . . Hacks Repelled . | . . . Allies | -11 -10 -9 -------- Run | Scr Mat Mat Total Allies . | . . . Largest Group . | . . . Highest-Rated Group . | . . . Highest-Rated Ally . | . . . Total Orders . | . . . Ally Attacks . | . . . Total Damage . | . . . Kills . | . . . Allies Corrupted . | . . . Allies Melted . | . . . Intel | -11 -10 -9 ------- Run | Scr Mat Mat Robot Analysis Total . | . . . Derelict Logs Recovered . | . . . Drone Launches . | . . . Drone Recoveries . | . . . Exploration | -11 -10 -9 ------------- Run | Scr Mat Mat Turns Passed 1551 | 46 1163 342 Spaces Moved 1490 | 33 781 676 Core 13 | 7 . 6 Treads . | . . . Legs 655 | 26 629 . Wheels . | . . . Hover 152 | . 152 . Flight 670 | . . 670 Fastest Speed 34 | 50 56 34 Average Speed 75 | 111 108 36 Slowest Speed 200 | 150 190 200 Overloaded Moves . | . . . Propulsion Burnouts . | . . . Robots Hopped 9 | . . 9 Cave-ins Triggered . | . . . Exploration Rate (%) 49 | 5 90 53 Regions Visited 2 Branch Regions . Pre-discovered Areas . | . . . Known Exits Taken . | . . . Unknown Exits Taken 2 | 1 1 . Scrap Searched . | . . . Spaces Dug . | . . . Terrain Destroyed . | . . . Melee . | . . . Projectile . | . . . AOE . | . . . Actions | -11 -10 -9 --------- Run | Scr Mat Mat Total 1826 | 39 1038 749 Wait 222 | . 176 46 Move 1472 | 32 780 660 Hop 7 | . . 7 Pick Up 23 | 1 15 7 Fast Attach 19 | 6 11 2 Attach 11 | . 4 7 Detach 5 | . 4 1 Swap 2 | . 2 . Drop 24 | . 14 10 Fire 41 | . 32 9 Melee . | . . . Ram . | . . . Kick . | . . . Crush . | . . . Escape Stasis . | . . . Rewire . | . . . Trap . | . . . Miscellaneous . | . . . Route ------- -11/Scrapyard -10/Materials (discovered 5 exits: *Mat x3 / [*Min x2]) -9/Materials (discovered 4 exits: [*Mat x2] / *Min x2) History --------- Turn | Location | Event 8 | -11/Scrapyard | Discovered new exit (range 16) 47 | -11/Scrapyard | Entered Materials 303 | -10/Materials | Build established: Mutant 430 | -10/Materials | Discovered new exit (range 16) 596 | -10/Materials | Discovered new exit (range 13) 789 | -10/Materials | Discovered new exit (range 9) 949 | -10/Materials | Repaired Lgt. Nuclear Core 1038 | -10/Materials | Discovered new exit (range 4) 1115 | -10/Materials | Discovered new exit (range 14) 1210 | -10/Materials | Entered another Materials area 1210 | -9/Materials | Evolved 2 slots: Propulsion x1, Utility x1 1287 | -9/Materials | Discovered new exit (range 15) 1386 | -9/Materials | Discovered new exit (range 7) 1491 | -9/Materials | Discovered new exit (range 3) 1503 | -9/Materials | Identified exit to Mines 1515 | -9/Materials | Lost 4 parts (1n1u2w) 1552 | -9/Materials | Self-destructed Last Messages --------------- 01427_ Acquired 10 matter. 01427_ Acquired 18 matter. 01430_ R-06 Scavenger collects Flight Unit. 01448_ ALERT: Hostiles spotted, dispatching reinforcements to Terminal M009. 01472_ Imp. Sensor Array destroyed. 01481_ Pulse Rifle destroyed. 01483_ C-30 ARC bursts open, deploying its payload. 01483_ G-47 Trooper unfolds itself. 01483_ G-34 Mercenary unfolds itself. 01484_ Flight Unit destroyed. 01491_ EXIT=FOUND 01503_ Connecting with Terminal... >>Access(Branch) Found 2 branch access points: (9,88) Mines (48,49) Mines Map updated. 01520_ W-16 Scout sends out distress signal. 01546_ Flight Unit destroyed. Map ----- +----------------------------------------------------+ | | | | | | | ?????????????????????????????????????????????????? | | ?????????????????????????????????????????????????? | | ?????????????????????????????????????????????????? | | ?????????????????????????????????????????????????? | | ?????????????????????????????????????????????????? | | ?????????????????????????????????????????????????? | | ?????????????????????????????????????????????????? | | ?????????????????????????????????????????????????? | | ?????????????????????????##??????????????????????? | | ????????????????????????? ??????????????????????? | | ????????????????????????? ??????????????????????? | | ????????????????????????? ??????????????????????? | | ????????????????????????? ??????????????????????? | | ????????????????????????? ??????????????????????? | | ????????????????????????# ??????????????????????? | | ????????????????????????# ??????????????????????? | | ????????????????????????# #??????????????????????? | | ????????????????????????#a#??????????????????????? | | ?????????????????????#### #??????????????????????? | | ?????????????????? ?"" ## #??????????????????????? | | ??????????????#? "R" ## #??????????????????????? | | ???########???# " " ## #??????????????????????? | | ???# #???# ##@#??????????????????????? | | ???# #???# ## #??????????????????????? | | ???# #???# """ ## #??????????????????????? | | ???# #???# """ ## #??????????????????????? | | ???# #???? """ ## #??????????????????????? | | ???# ??????? ??# #??????????????????????? | | ???#+##+###########+##### #??????????????????????? | | ##?# """ #??????????????????????? | | ### "Y" #??????????????????????? | | #??????????????????????? | | #####+#### #??????????????????????? | | ## # #??????????????????????? | | ## # """ """ #??????????????????????? | | ## # """ """ ?????????????????????? | | ##""" # """ """ ???????????????????? | | ##""" + """ """s ??????????????????? | | ##"S ! # ?????????????????? | | ##""" # ###+###????????? ????? | | ## "" # ######## #??????????????? ???? | | ## # #??????? #??????????????# #???? | | ##/######## #???????? #??????????????# #???? | | # ?# #???????? #??????????????# #???? | | # # #???????? #??????????????# #???? | | # # #???????? #?????????????## #### | | # + #?????????????????????????# "# | +----------------------------------------------------+ Best States ------------- Heat Dissipation 28 Energy Generation 14 Energy Capacity 160 Matter Stores 300 Matter Capacity 300 Sight Range 16 Robot Scan Range 13 Terrain Scan Range 16 Terrain Scan Density 10 Additional Mass Support 6 Armor Coverage 150 Evasion (%) 63 Targeting Accuracy 5 Item Schematics ----------------- None Robot Schematics ------------------ None Fabricated ------------ Nothing Alien Tech Used ----------------- None Achievements -------------- None Challenges ------------ None Game ------ Seed RegenerativeDynamicStorage Manual? 0 Play Time 00:43:45 Cumulative 20.3 hours Start 2020.08.14 @ 20:58:38 End 2020.08.14 @ 21:42:55 Sessions 1 Manual Loads 0 Difficulty Rogue Special Mode None Game No. 14 Rogue 14 Adventurer 0 Explorer 0 Win Type - Total 0 Types 0/0/0/0/0/0/0 Lore% 5 Gallery% 23 Achievement% 19 Wizard Run 0 Options --------- ASCII 0 Keyboard 1 Movement Vi Keybinds 0 Fullscreen 1 Font 24/Terminus Map View 76x50 Tactical HUD 1 Map Filters NONE Filters NONE Steam 1 RUN: ad541593-cb95-4798-ac8c-2eac9395ef2a